 Dungeon Crawl Stone Soup version 0.21.1-1-g345015fe64 (webtiles) character file.

6188 Mirvelgyr the Severer (level 10, 0/84 HPs)
             Began as a Minotaur Berserker on July 23, 2018.
             Was a High Priest of Trog.
             Killed by vampiric draining
             ... invoked by Ablot's ghost
              (22 damage)
             ... on level 9 of the Dungeon.
             The game lasted 00:07:42 (6902 turns).

Mirvelgyr the Severer (Minotaur Berserker)          Turns: 6902, Time: 00:07:43

Health: 0/84       AC: 17    Str: 23    XL:     10   Next: 60%
Magic:  0/0        EV: 10    Int:  4    God:    Trog [*****.]
Gold:   354        SH:  0    Dex: 22    Spells: 9/9 levels left

rFire    . . .     SeeInvis .   t - +11 hand axe "Ofimoq" {chop, MP-9 Dex+7}
rCold    . . .     Gourm    +   (no shield)
rNeg     . . .     Faith    .   I - +0 plate armour
rPois    .         Spirit   .   r - +2 hat
rElec    .         Reflect  .   y - +0 cloak
rCorr    +         Harm     .   (no gloves)
MR       ++...                  s - +0 pair of boots
Stlth    ..........             C - amulet of the gourmand
HPRegen  1.24/turn              a - ring of resist corrosion
MPRegen  0.07/turn              q - +3 ring of dexterity

@: regenerating
A: retaliatory headbutt, horns 2
a: Berserk, Trog's Hand, Brothers in Arms, Burn Spellbooks, Renounce Religion


You were on level 9 of the Dungeon.
You worshipped Trog.
Trog was extremely pleased with you.
You were very full.

You visited 1 branch of the dungeon, and saw 9 of its levels.

You collected 522 gold pieces.
You spent 168 gold pieces at shops.

Inventory:

Hand Weapons
 t - the +11 hand axe "Ofimoq" (weapon) {chop, MP-9 Dex+7}
   (You bought it in a shop on level 4 of the Dungeon)

   It inflicts extra damage upon your enemies.
   It affects your dexterity (+7).
   It affects your magic capacity (-9).
Armour
 r - a +2 hat (worn)
 s - a +0 pair of boots (worn)
 y - a +0 cloak (worn)
 I - a +0 plate armour (worn)
Jewellery
 a - a ring of resist corrosion (left hand)
 f - an uncursed ring of wizardry {unknown}
 q - a +3 ring of dexterity (right hand)
 C - an amulet of the gourmand (around neck)
Wands
 x - a wand of polymorph (14)
 E - a wand of acid (5)
Scrolls
 b - a scroll of enchant weapon
 d - 3 scrolls of teleportation {unknown}
 g - a scroll of noise {unknown}
 h - a scroll of magic mapping {unknown}
 k - a scroll of fog {unknown}
 l - 2 scrolls of fear {unknown}
 n - 2 scrolls of remove curse
 o - 2 scrolls of blinking {unknown}
 p - 8 scrolls of identify
 w - a scroll of amnesia {unknown}
 B - a scroll of holy word {unknown}
 D - a scroll of random uselessness {unknown}
Potions
 e - a potion of magic {unknown}
 i - 3 potions of curing {unknown}
 j - a potion of agility {unknown}
 m - a potion of haste {unknown}
 v - 2 potions of heal wounds {unknown}
 z - 4 potions of mutation {unknown}
 A - a potion of cancellation {unknown}
 G - 2 potions of degeneration {unknown}
 H - a potion of ambrosia {unknown}
 K - a potion of might {unknown}
Books
 u - a book of Necromancy

   Spells                             Type                      Level
   a - Pain                           Necromancy                   1
   b - Animate Skeleton               Necromancy                   1
   c - Vampiric Draining              Necromancy                   3
   d - Regeneration                   Charms/Necromancy            3
   e - Animate Dead                   Necromancy                   4
   f - Borgnjor's Vile Clutch         Necromancy/Earth             5
   Trog disapproves of the use of such an item.
 F - Sif Muna's Catalogue of Ashen Arcane Weapons
   (You found it on level 7 of the Dungeon)

   Spells                             Type                      Level
   a - Fireball                       Conjuration/Fire             5
   b - Irradiate                      Conjuration/Transmutation    5
   c - Statue Form                    Transmutation/Earth          6
   Trog disapproves of the use of such an item.
 J - a book of Unlife

   Spells                             Type                      Level
   a - Recall                         Summoning/Translocation      3
   b - Animate Dead                   Necromancy                   4
   c - Borgnjor's Vile Clutch         Necromancy/Earth             5
   d - Death Channel                  Necromancy                   6
   e - Simulacrum                     Ice/Necromancy               6
   Trog disapproves of the use of such an item.
Comestibles
 c - 17 rations


   Skills:
 + Level 6.6 Fighting
 - Level 15.9 Axes
 + Level 6.0 Armour
 + Level 5.5 Dodging


You had 9 spell levels left.
You didn't know any spells.

Dungeon Overview and Level Annotations

Branches:
Dungeon (9/15)             Temple (0/1) D:4            Lair (0/6) D:8
    Orc: D:9-12

Altars:
Dithmenos
Elyvilon
Fedhas
Kikubaaqudgha
Makhleb
Qazlal
Sif Muna
Vehumet
The Shining One

Shops:
D:4 (   D:8 [

Annotations:
D:3 exclusion: oklob plant
D:9 Ablot's ghost, novice GnWn


Innate Abilities, Weirdness & Mutations

You reflexively headbutt those who attack you in melee.
You have a pair of horns on your head.


Message History

Ablot's ghost is almost destroyed.
Ablot's ghost hits you but does no damage.
You slash Ablot's ghost! Your headbutt misses Ablot's ghost.
Ablot's ghost is almost destroyed.
Ablot's ghost hits you but does no damage.
You completely miss Ablot's ghost. Your headbutt misses Ablot's ghost.
Ablot's ghost is almost destroyed.
You closely miss Ablot's ghost.
Ablot's ghost is almost destroyed.
The sentinel's mark upon you fades away.
Ablot's ghost is infused with unholy energy.
* * * LOW HITPOINT WARNING * * *
Ablot's ghost draws life force from you and is healed!
You completely miss Ablot's ghost. Your headbutt misses Ablot's ghost.
Ablot's ghost is severely damaged.
Your skin crawls.
You feel resistant to hostile enchantments.
You feel somewhat less full.
Ablot's ghost is infused with unholy energy.
You die...

..# #.# .##
#####.##### #
#.........#
#.........## ###
########...........#
...
.................#.#
###
########.........#
.. #.........# #
#...@.....#
#####W##### ..# #'#
.. ... . ..' ( ..##
.


You could see Ablot's ghost.

Vanquished Creatures
  A two-headed ogre (D:7)
  Pikel (D:5)
  The ghost of Sapher the Grave Robber, a novice GnNe (D:4)
  A hornet (D:6)
  A hippogriff (D:8)
  A wyvern (D:8)
  4 hogs (D:8)
  A basilisk (D:8)
  A human (D:8)
  A yak (D:8)
  A hungry ghost (D:8)
  3 slaves (D:5)
  A sky beast (D:5)
  An orc warrior (D:7)
  2 black bears
  2 phantoms
  7 ogres
  A necrophage (D:6)
  3 centaurs
  The ghost of Sapher the Grave Robber, an amateur GnNe (D:6)
  A crocodile (D:8)
  A big kobold (D:7)
  5 bullfrogs
  The ghost of Thargor the Covered, a weakling MiFi of Makhleb (D:3)
  2 scorpions
  2 crimson imps
  A quasit (D:8)
  8 hounds
  A jelly (D:8)
  4 orc priests
  Crazy Yiuf (D:6)
  8 orc wizards
  3 centaur skeletons
  2 iguanas
  A worker ant (D:5)
  2 hound skeletons
  4 gnolls (D:8)
  7 adders
  2 shadow imps
  An ooze (D:1)
  A worm (D:2)
  2 dart slugs
  5 leopard geckos
  17 orcs
  2 ball pythons
  5 giant cockroaches
  6 goblins
  5 hobgoblins
  14 jackals
  14 kobolds
  8 quokkas
  5 bats
  2 frilled lizards
  A leopard gecko skeleton (D:5)
  A leopard gecko zombie (D:7)
  A quokka skeleton (D:6)
  11 rats
  A plant (D:4)
193 creatures vanquished.

Vanquished Creatures (others)
  A human (D:7)
  10 toadstools (D:3)
11 creatures vanquished.

Grand Total: 204 creatures vanquished

Notes
Turn   | Place    | Note
-------+----------+-------------------------------------------
     0 | D:1      | Mirvelgyr the Minotaur Berserker began the quest for the Orb.
     0 | D:1      | Reached XP level 1. HP: 19/19 MP: 0/0
   369 | D:1      | Reached XP level 2. HP: 23/27 MP: 1/1
   714 | D:1      | Reached skill level 4 in Axes
   989 | D:2      | Reached XP level 3. HP: 33/33 MP: 2/2
  1045 | D:2      | Reached ** piety under Trog
  1114 | D:2      | Found a glowing golden altar of the Shining One.
  1114 | D:2      | Found a stormy altar of Qazlal.
  1119 | D:2      | Found a shadowy altar of Dithmenos.
  1121 | D:2      | Found a deep blue altar of Sif Muna.
  1123 | D:2      | Found a radiant altar of Vehumet.
  1500 | D:3      | Reached XP level 4. HP: 38/40 MP: 3/3
  1687 | D:3      | Noticed Thargor's ghost (weakling MiFi)
  1696 | D:3      | Killed Thargor's ghost
  1696 | D:3      | Reached skill level 5 in Axes
  1696 | D:3      | Reached XP level 5. HP: 32/47 MP: 4/4
  1718 | D:3      | Found a blossoming altar of Fedhas.
  1729 | D:3      | Noticed an oklob plant
  1887 | D:3      | Reached *** piety under Trog
  2105 | D:4      | Noticed an ogre
  2110 | D:4      | Killed an ogre
  2298 | D:4      | Found Taqahosa's Antique Weapon Shoppe.
  2314 | D:4      | Bought a slimy hand axe for 168 gold pieces
  2314 | D:4      | Identified the +11 hand axe "Ofimoq" {chop, MP-9 Dex+7} (You bought it in a shop on level 4 of the Dungeon)
  2366 | D:4      | Reached XP level 6. HP: 54/55 MP: 0/5
  2374 | D:4      | Reached skill level 6 in Axes
  2377 | D:4      | Reached skill level 5 in Fighting
  2499 | D:4      | Found a staircase to the Ecumenical Temple.
  2509 | D:4      | Noticed Sapher's ghost (novice GnNe)
  2517 | D:4      | Killed Sapher's ghost
  2517 | D:4      | Reached skill level 7 in Axes
  2517 | D:4      | Reached XP level 7. HP: 42/61 MP: 0/6
  2964 | D:5      | Entered Level 5 of the Dungeon
  3002 | D:5      | Reached skill level 8 in Axes
  3106 | D:5      | Reached skill level 9 in Axes
  3106 | D:5      | Reached XP level 8. HP: 69/69 MP: 0/7
  3122 | D:5      | Noticed Pikel
  3134 | D:5      | Killed Pikel
  3134 | D:5      | Reached skill level 11 in Axes
  3339 | D:5      | Reached **** piety under Trog
  3339 | D:5      | Received a gift from Trog
  3969 | D:6      | Noticed Sapher's ghost (amateur GnNe)
  3974 | D:6      | Killed Sapher's ghost
  4020 | D:6      | Reached skill level 12 in Axes
  4094 | D:6      | Found a runed door.
  4260 | D:6      | Noticed Crazy Yiuf
  4262 | D:6      | Killed Crazy Yiuf
  4262 | D:6      | Reached XP level 9. HP: 74/74 MP: 0/8
  4642 | D:6      | Found a burning altar of Makhleb.
  5132 | D:7      | Reached skill level 13 in Axes
  5462 | D:7      | Noticed a two-headed ogre
  5468 | D:7      | Killed a two-headed ogre
  5468 | D:7      | Reached skill level 14 in Axes
  5517 | D:7      | Identified Sif Muna's Catalogue of Ashen Arcane Weapons
  5566 | D:7      | Found an ancient bone altar of Kikubaaqudgha.
  5958 | D:8      | Found a white marble altar of Elyvilon.
  5965 | D:8      | Reached skill level 15 in Axes
  5965 | D:8      | Reached XP level 10. HP: 82/82 MP: 0/9
  6033 | D:8      | Reached ***** piety under Trog
  6095 | D:8      | Found a staircase to the Lair.
  6396 | D:8      | Reached skill level 5 in Armour
  6433 | D:8      | Found Plog's Armour Boutique.
  6529 | D:8      | Reached skill level 5 in Dodging
  6799 | D:9      | Received a gift from Trog
  6879 | D:9      | Noticed Ablot's ghost (novice GnWn)
  6902 | D:9      | Killed from afar by Ablot's ghost

Skill      XL: |  1  2  3  4  5  6  7  8  9 10 |
---------------+-------------------------------+-----
Axes           | 4 5 7 9 12 15 | 15.9
Fighting       | 4 5 6 |  6.6
Armour         | 3 4 6 |  6.0
Dodging        | 3 4 5 |  5.5

Action                   |  1- 3 |  4- 6 |  7- 9 | 10-12 || total
-------------------------+-------+-------+-------+-------++-------
Melee: Hand axe          |    86 |    28 |   139 |   103 ||   356
       Headbutt          |    12 |     9 |    35 |    29 ||    85
       War axe           |       |    48 |       |       ||    48
Invok: Berserk           |       |     1 |     1 |     1 ||     3
       Trog's Hand       |       |       |       |     1 ||     1
  Use: Scroll            |       |     3 |       |       ||     3
  Eat: Chunk             |     2 |     4 |     8 |    25 ||    39
       Ration            |       |       |     1 |       ||     1
Armor: Animal skin       |     2 |       |       |       ||     2
       Leather armour    |     5 |       |       |       ||     5
       Chain mail        |    11 |    45 |    49 |       ||   105
       Plate armour      |       |       |     2 |    26 ||    28
Dodge: Dodged            |    51 |    43 |    53 |    26 ||   173
